 Dungeon Crawl Stone Soup version 0.29-a0-275-g389c0b56f3 (webtiles) character file.

Game seed: 10019479390733576990

1661 Strat the Carver (level 9, -1/68 HPs)
             Began as a Barachi Abyssal Knight on Mar 10, 2022.
             Was an Elder of Lugonu.
             Slain by an orc
             ... wielding a +0 mace
              (5 damage)
             ... on level 6 of the Dungeon.
             The game lasted 00:19:45 (9269 turns).

Strat the Carver (Barachi Abyssal Knight)           Turns: 9269, Time: 00:19:46

Health: -1/68      AC:  3    Str: 19    XL:     9   Next: 0%
Magic:  13/13      EV: 10    Int: 11    God:    Lugonu [****..]
Gold:   199        SH:  0    Dex: 12    Spells: 5/8 levels left

rFire   . . .      SeeInvis .   a - +0 long sword
rCold   . . .      Faith    .   (no shield)
rNeg    . . .      Spirit   .   o - +1 scale mail {Will+}
rPois   .          Reflect  .   v - +2 helmet
rElec   .          Harm     .   (no cloak)
rCorr   .          Rampage  .   (no gloves)
Will    +....                   (no boots)
Stlth   ..........              (no amulet)
HPRegen 0.21/turn               (no ring)
MPRegen 0.13/turn               (no ring)

@: mighty, corroded, attractive, slow
A: amphibious, slowness 1, strong legs 1, +LOS
a: Hop, Renounce Religion, Depart the Abyss, Bend Space, Banish, Corrupt


You were on level 6 of the Dungeon.
You worshipped Lugonu.
Lugonu was greatly pleased with you.
You visited 1 branch of the dungeon, and saw 6 of its levels.
You visited the Abyss 1 time.

You collected 199 gold pieces.

Inventory:

Hand Weapons
 a - a +0 long sword (weapon)
 b - a +0 hunting sling
 l - a +1 falchion
Missiles
 c - 200 stones
 i - 5 boomerangs
 w - 10 poisoned darts
 x - a throwing net
Armour
 j - a +0 plate armour of cold resistance
 o - a +1 scale mail of willpower (worn)
 r - a +2 leather armour of cold resistance
 v - a +2 helmet (worn)
Jewellery
 m - a ring of fire
Scrolls
 p - a scroll of teleportation
Potions
 d - a potion of mutation {unknown}
 f - a potion of attraction
 g - a potion of might
 h - a potion of berserk rage {unknown}
 k - a potion of brilliance {unknown}
 q - a potion of magic {unknown}
 s - a potion of flight {unknown}
 t - a potion of heal wounds {unknown}
 u - 2 potions of invisibility {unknown}


   Skills:
 - Level 5.0 Fighting
 + Level 9.6 Long Blades
 - Level 5.0 Armour
 - Level 1.1 Dodging
 + Level 6.0 Invocations


You had 5 spell levels left.
You knew the following spells:

 Your Spells              Type           Power      Damage    Failure   Level
a - Swiftness             Air            0%         N/A       96%         3

Your spell library contained the following spells:

 Spells                   Type           Power      Damage    Failure   Level
 Shock                    Conj/Air       0%         1d3       69%         1
 Static Discharge         Conj/Air       0%         N/A       83%         2
 Airstrike                Air            0%         N/A       100%        4
 Lightning Bolt           Conj/Air       0%         1d11      100%        5
 Maxwell's Capacitive Co  Air            0%         ∞         100%        8


Dungeon Overview and Level Annotations

Branches:
Dungeon (6/15)
 Temple: D:4-7

Altars:
Xom
The Shining One

Shops:
D:3 :

Annotations:
D:2 1 runed translucent door, Crazy Yiuf, Natasha


Innate Abilities, Weirdness & Mutations

You are amphibious.
You cover ground slowly.
You can hop short distances.
You have an extended range of vision and can be seen from far away.


Message History

You kill the orc priest!
Lugonu accepts your kill. The orc hits you but does no damage.
The orc barely misses you.
Your Invocations skill increases to level 6!
You have reached level 9!
Your experience leads to an increase in your attributes!
Increase (S)trength, (I)ntelligence, or (D)exterity?
You feel stronger. x2
The orc hits you with a +0 mace. The acid dragon spits acid at you.
The splash of acid hits you!!
* * * LOW HITPOINT WARNING * * *
The acid corrodes you!
Things that are here:
a +0 dagger; a +0 ring mail; an orc corpse You feel very mighty all of a sudden.
You slash the orc!
You kill the orc!
Lugonu accepts your kill. The orc barely misses you.
You closely miss the acid dragon. The orc closely misses you.
The acid dragon spits acid at you. The splash of acid hits you!
* * * LOW HITPOINT WARNING * * *
The acid corrodes you!
You hit the acid dragon.
The acid dragon is lightly wounded.
The orc barely misses you. The acid dragon bites you.
* * * LOW HITPOINT WARNING * * *
The acid dragon barely misses you.
You slash the acid dragon!
The acid dragon is heavily wounded.
The acid dragon bites you!
* * * LOW HITPOINT WARNING * * *
The acid dragon barely misses you. The orc hits you with a +0 mace.
* * * LOW HITPOINT WARNING * * *
It was a potion of attraction.
You feel attractive to monsters. The orc hits you with a +0 mace.
You die...

## ###.###
#.....#
#.....###
#.......#.
#....D....
#...# ##D##
#.o@###
#.....# .
#....## ..
####..# ##..#
#...####.....
##.....#...#
#..........#
##.....##..##
##....# ..###


You could see an acid dragon (catching breath) and an orc.

Vanquished Creatures
  Duvessa (D:5)
  2 ice beasts
  2 sky beasts (D:6)
  2 ogres (D:5)
  5 scorpions
  Dowan (D:5)
  A killer bee (D:5)
  A howler monkey (D:6)
  3 orc priests
  2 hounds (D:4)
  5 orc wizards
  2 iguanas (D:5)
  Natasha (twice) (D:2)
  Robin (D:3)
  4 gnolls (D:3)
  5 adders
  A white imp (D:5)
  An ufetubus (D:5)
  A worm (D:2)
  2 dart slugs
  18 orcs
  3 endoplasms
  2 giant cockroaches
  6 hobgoblins
  10 jackals
  2 quokkas
  4 ball pythons
  2 bats
  3 frilled lizards (D:3)
  23 goblins
  9 kobolds
  3 rats
129 creatures vanquished.

Vanquished Creatures (others)
  2 fungi (D:2)
  39 plants (D:5)
41 creatures vanquished.

Grand Total: 170 creatures vanquished

Notes
Turn   | Place    | Note
-------+----------+-------------------------------------------
     0 | Abyss:1  | Strat the Barachi Abyssal Knight began the quest for the
                  | Orb.
     0 | Abyss:1  | Reached XP level 1. HP: 18/18 MP: 2/2
    19 | Abyss:1  | Found a corrupted altar of Lugonu.
    23 | D:1      | Escaped the Abyss
   328 | D:1      | Reached XP level 2. HP: 24/24 MP: 3/3
   432 | D:1      | Reached skill level 3 in Long Blades
   901 | D:1      | Reached XP level 3. HP: 24/29 MP: 4/4
  1514 | D:2      | Reached *** piety under Lugonu
  1827 | D:2      | Noticed Natasha
  1831 | D:2      | Killed Natasha
  1931 | D:2      | Noticed Natasha
  1944 | D:2      | Killed Natasha
  1945 | D:2      | Reached skill level 4 in Long Blades
  1945 | D:2      | Reached XP level 4. HP: 19/36 MP: 6/6
  2392 | D:2      | Found a faded altar of an unknown god.
  2582 | D:2      | Found a runed translucent door.
  2583 | D:2      | Noticed Crazy Yiuf
  2585 | D:2      | Noticed Natasha
  2885 | D:3      | Found Defescha's Book Shop.
  3371 | D:3      | Reached XP level 5. HP: 29/41 MP: 7/7
  3756 | D:3      | Noticed Robin
  4183 | D:3      | Reached skill level 5 in Long Blades
  4695 | D:3      | Killed Robin
  4698 | D:3      | Reached **** piety under Lugonu
  4806 | D:4      | Reached XP level 6. HP: 47/47 MP: 8/8
  5096 | D:4      | Reached skill level 6 in Long Blades
  5426 | D:4      | Learned a level 3 spell: Swiftness
  5797 | D:4      | Reached skill level 5 in Invocations
  5797 | D:4      | Reached XP level 7. HP: 52/53 MP: 10/10
  6383 | D:5      | Entered Level 5 of the Dungeon
  6432 | D:5      | Noticed Dowan
  6433 | D:5      | Noticed Duvessa
  6915 | D:5      | Reached skill level 5 in Fighting
  6915 | D:5      | Reached skill level 7 in Long Blades
  7073 | D:5      | Reached XP level 8. HP: 62/62 MP: 11/11
  7171 | D:5      | Reached skill level 5 in Armour
  7370 | D:5      | Found a shimmering altar of Xom.
  7384 | D:5      | Found a glowing golden altar of the Shining One.
  7602 | D:5      | Killed Duvessa
  7603 | D:5      | Reached skill level 8 in Long Blades
  7630 | D:5      | Killed Dowan
  8255 | D:6      | Reached skill level 9 in Long Blades
  9262 | D:6      | Reached XP level 9. HP: 60/68 MP: 13/13
  9268 | D:6      | HP: 3/68 [orc/+0 mace (3)]
  9269 | D:6      | Slain by an orc

Illustrated notes

Levels and vault maps discovered:
D:1:      wander_arrival_peaceful_grave, layout_basic
D:2:      layout_basic, shapermc_ecumenical_altar_mp_ritualfount,
          uniq_crazy_yiuf_cottage, uniq_natasha
D:3:      layout_basic, serial_shops, shop, uniq_robin
D:4:      layout_rooms, guppyfry_early_lair_pool
D:5:      layout_cave_pools, mainiacjoe_overflow_catch_the_wave,
          chequers_mini_garden, dreamdust_mushroom_princess, uniq_duvessa
D:6:      layout_cave_pools

Skill      XL: |  1  2  3  4  5  6  7  8 |
---------------+-------------------------+-----
Invocations    | 2 3 5 6 |  6.0
Long Blades    | 3 4 5 6 7 9 |  9.6
Fighting       | 5 |  5.0
Armour         | 4 5 |  5.0
Dodging        | |  1.1

Action                   |  1- 3 |  4- 6 |  7- 9 || total
-------------------------+-------+-------+-------++-------
Melee: Falchion          |    87 |     5 |       ||    92
       Long sword        |       |   181 |   224 ||   405
       Punch             |       |     2 |     3 ||     5
 Fire: Hunting sling     |    14 |    71 |    47 ||   132
 Abil: Hop               |       |     4 |       ||     4
Evoke: Wand              |     1 |    18 |     3 ||    22
  Use: Scroll            |       |     5 |     2 ||     7
       Potion            |       |       |     6 ||     6
Armor: Leather armour    |    21 |       |       ||    21
       Scale mail        |    12 |   125 |   133 ||   270
Dodge: Dodged            |    56 |    98 |   103 ||   257

Table legend: (Time is in decaauts)
 A = Elapsed time spent in this place.
 B = Non-inter-level travel time spent in this place.
 C = Inter-level travel time spent in this place.
 D = Time resting spent in this place.
 E = Time spent auto-exploring this place.
 F = Levels seen in this place.
 G = Mean time per level.
                   A        B        C        D        E       F      G
               +--------+--------+--------+--------+--------+-----+--------+
         Total |  10237 |   9580 |    657 |   3723 |   3259 |   7 | 1462.4 |
       Dungeon |  10209 |   9552 |    657 |   3723 |   3259 |   6 | 1701.5 |
         Abyss |     27 |     27 |      0 |      0 |      0 |   1 |   27.0 |
               +--------+--------+--------+--------+--------+-----+--------+

Top non-repeatable levels by time:
     D:3: 2602 daAuts
     D:5: 1951 daAuts
     D:2: 1791 daAuts
     D:4: 1624 daAuts
     D:1: 1577 daAuts
     D:6: 662 daAuts
 Abyss:1: 27 daAuts
